 Dungeon Crawl Stone Soup version 0.29.1-2-gbd0b4ee654 (webtiles) character file.

Game seed: 3197079957424319998

96 styxcanada the Sneak (level 4, -12/23 HPs)
             Began as a Spriggan Brigand on Oct 30, 2022.
             Mangled by an orc wizard
             ... wielding a +2 dagger of electrocution
              (18 damage)
             ... on level 3 of the Dungeon.
             The game lasted 00:07:42 (2742 turns).

styxcanada the Sneak (Spriggan Brigand)             Turns: 2742, Time: 00:07:42

Health: -12/23     AC:  4    Str:  7    XL:     4   Next: 41%
Magic:  14/14      EV: 17    Int: 12    God:
Gold:   196        SH:  0    Dex: 18    Spells: 3/3 levels left

rFire   . . .      SeeInvis +   a - +2 dagger
rCold   . . .      Faith    .   (no shield)
rNeg    . . .      Spirit   .   b - +1 robe
rPois   .          Reflect  .   (helmet restricted)
rElec   .          Harm     .   c - +0 cloak
rCorr   .          Rampage  .   (gloves unavailable)
Will    .....                   (boots unavailable)
Stlth   ++++......              (no amulet)
HPRegen 0.07/turn               q - ring of magical power
MPRegen 0.14/turn               (no ring)

@: very quick
A: very small, no large weapons, unfitting armour, see invisible, speed 3
a: no special abilities


You were on level 3 of the Dungeon.
You visited 1 branch of the dungeon, and saw 3 of its levels.

You collected 196 gold pieces.

Inventory:

Hand Weapons
 a - a +2 dagger (weapon)
Missiles
 e - a curare-tipped dart (quivered)
 g - 27 stones
Armour
 b - a +1 robe (worn)
 c - a +0 cloak (worn)
Jewellery
 q - a ring of magical power (left hand)
Wands
 t - a wand of charming (8)
Scrolls
 k - a scroll of amnesia
 n - 2 scrolls of enchant armour
 o - 2 scrolls of poison
Potions
 h - a potion of mutation
 i - a potion of brilliance {unknown}
 j - a potion of curing {unknown}
 l - a potion of ambrosia {unknown}
 m - 3 potions of magic {unknown}
 p - a potion of cancellation {unknown}


   Skills:
 + Level 1.7 Fighting
 + Level 3.2 Short Blades
 + Level 2.4 Throwing
 + Level 2.0 Dodging
 + Level 7.5 Stealth


You had 3 spell levels left.
You didn't know any spells.
Your spell library contained the following spells:

 Spells                   Type           Power      Damage    Failure   Level
 Animate Dead             Necr           0%         N/A       97%         4
 Haunt                    Necr/Summ      0%         N/A       100%        7
 Infestation              Necr           0%         N/A       100%        8


Dungeon Overview and Level Annotations

Branches:
Dungeon (3/15)

Altars:

Annotations:
D:3 Grinder


Innate Abilities, Weirdness & Mutations

You are very small and have problems with some larger weapons.
You are too small for most types of armour.
You have supernaturally acute eyesight. (SInv)
You cover ground extremely quickly. (Speed+++)


Message History

Unknown command.
Throw: dart (poison)
Press: ? - help, Q - select action, (/) - cycle Shift-Dir - straight line, f/p - Grinder
Aim: Grinder (moderately wounded, 58% to hit)
You throw a poisoned dart.
The poisoned dart completely misses Grinder.
The poisoned dart hits the orc wizard.
The orc wizard is poisoned.
Throw: 3 darts (curare)
Press: ? - help, Q - select action, (/) - cycle Shift-Dir - straight line, f/p - Grinder
Aim: Grinder (moderately wounded, 58% to hit)
You throw a curare-tipped dart. The curare-tipped dart hits Grinder.
Grinder is moderately wounded.
Unknown command.
Grinder blinks!
Throw: 2 darts (curare)
Press: ? - help, Q - select action, (/) - cycle Shift-Dir - straight line, f/p - Grinder
Aim: Grinder (moderately wounded, 58% to hit)
You throw a curare-tipped dart.
The curare-tipped dart barely misses the orc.
The curare-tipped dart closely misses Grinder.
Aiming: Charm
Press: ? - help, Shift-Dir - straight line, f/p - Grinder
Aim: Grinder (lightly wounded, chance to affect: 49%)
The orc is charmed.
Grinder hits your orc.
The orc wizard looks more healthy.
Grinder gestures at you.
Your orc suddenly stops moving!
Grinder gestures at you. Grinder hits your orc!
Your orc dies!
Aiming: Charm
Press: ? - help, Shift-Dir - straight line, f/p - Grinder
Aim: Grinder (lightly wounded, chance to affect: 49%) Grinder resists with some effort.
Grinder blinks!
You hit the orc wizard.
The orc wizard is moderately wounded.
The orc wizard hits you but does no damage.
You are electrocuted!!
Ouch! That really hurt!
You die...

...##.#...#.#.......#
.#....##.##.#..##...####.##
>...................#.....#
.#..####..#.#####.#.#.....#
.#............ ....#.....#
.#....#....######.###.....#
.#..#####.........# #.....#
###............#..###.(...#
......#...#.....@o§oo.(5(.######
###.......#......#######....(o.#
#...#.#.##.#.....## ##.####.##
#.......#...#.....# #.# #..o
###..#..#.........### #.#######
#.........#.......###........
#####...#####.....##........#
#.............##.!......#
#.....#...#...##........#


You could see Grinder, an orc wizard (invisible) and 2 orcs.

Vanquished Creatures
  5 adders
  3 dart slugs (D:1)
  4 endoplasms
  2 giant cockroaches
  6 hobgoblins
  2 jackals (D:3)
  3 kobolds
  2 quokkas
  4 ball pythons
  7 bats
  3 frilled lizards (D:1)
  A goblin (D:1)
  5 rats
47 creatures vanquished.

Vanquished Creatures (others)
  An orc (D:3)
1 creature vanquished.

Grand Total: 48 creatures vanquished

Notes
Turn   | Place    | Note
-------+----------+-------------------------------------------
     0 | D:1      | styxcanada the Spriggan Brigand began the quest for the
                  | Orb.
     0 | D:1      | Reached XP level 1. HP: 10/10 MP: 2/2
    77 | D:1      | Reached skill level 6 in Stealth
   167 | D:1      | Reached XP level 2. HP: 14/14 MP: 3/3
   547 | D:1      | Reached skill level 7 in Stealth
   559 | D:1      | Reached XP level 3. HP: 17/18 MP: 4/4
  2371 | D:3      | Reached XP level 4. HP: 23/23 MP: 5/5
  2685 | D:3      | Noticed Grinder
  2742 | D:3      | Mangled by an orc wizard

Illustrated notes

Levels and vault maps discovered:
D:1:      giann_wishing_wells, layout_loops_ring, minmay_heptomino_o4
D:2:      layout_loops_ring, mrwooster_statue_mirror
D:3:      layout_basic, hangedman_decor_lopped, uniq_grinder

Skill      XL: |  1  2  3  4 |
---------------+-------------+-----
Stealth        | 6 7 |  7.5
Short Blades   | 3 |  3.2
Dodging        | 2 |  2.0
Fighting       | |  1.7
Throwing       | |  2.4

Action                   |  1- 3 |  4- 6 || total
-------------------------+-------+-------++-------
Melee: Dagger            |   108 |    34 ||   142
Throw: Dart              |     5 |    11 ||    16
Evoke: Wand              |       |     2 ||     2
  Use: Scroll            |     9 |     1 ||    10
 Stab: Sleeping          |    16 |     1 ||    17
       Distracted        |       |     1 ||     1
Armor: Robe              |    26 |     8 ||    34
Dodge: Dodged            |    66 |    18 ||    84
